 Dungeon Crawl Stone Soup version 0.28-a0-695-gff097466f2 (webtiles) character file.

Game seed: 13070139229425706157

24881 Johnny the Fencer (level 13, -8/156 HPs)
             Began as a Human Berserker on Oct 22, 2021.
             Was an Elder of Trog.
             Hit by a silver javelin thrown by a minotaur (11 damage)
             ... in a Gauntlet.
             The game lasted 00:23:08 (17908 turns).

Johnny the Fencer (Human Berserker)                Turns: 17908, Time: 00:23:09

Health: -8/156     AC: 22    Str: 19    XL:     13   Next: 46%
Magic:  0/13       EV: 10    Int:  9    God:    Trog [****..]
Gold:   709        SH:  0    Dex: 12    Spells: 12/12 levels left

rFire   + + .      SeeInvis +   f - +0 long sword
rCold   . . .      Faith    .   (no shield)
rNeg    . . .      Spirit   +   N - +3 plate armour {rPois}
rPois   +          Reflect  .   R - +0 hat {Will+}
rElec   +          Harm     .   t - +1 cloak
rCorr   .          Rampage  .   (no gloves)
Will    +++..      NoTele   +   T - +0 pair of boots {Stlth+}
Stlth   ..........              y - amulet "Neagire" {Spirit SInv}
HPRegen 1.36/turn               g - +4 ring of protection
MPRegen 0.13/turn               B - ring "Atwosyh" {rElec rF++ EV+4 Str-3}

@: berserking (expiring), strong-willed, regenerating, very quick
A: no striking features
a: Renounce Religion, Berserk, Trog's Hand, Brothers in Arms


You were in a Gauntlet.
You worshipped Trog.
Trog was greatly pleased with you.
You visited 2 branches of the dungeon, and saw 15 of its levels.
You also visited: Ossuary and Gauntlet.

You collected 2391 gold pieces.
You spent 1682 gold pieces at shops.

Inventory:

Hand Weapons
 f - a +0 long sword (weapon)
Missiles
 b - 3 throwing nets (quivered)
Armour
 t - a +1 cloak (worn)
 N - a +3 plate armour of poison resistance (worn)
 R - a +0 hat of willpower (worn)
 T - a +0 pair of boots of stealth (worn)
Jewellery
 g - a +4 ring of protection (left hand)
 n - a ring of poison resistance
 q - a ring of resist corrosion
 y - the amulet "Neagire" (around neck) {Spirit SInv}
   (You acquired it on level 9 of the Dungeon)

   [amulet of guardian spirit]

   It causes incoming damage to be divided between your reserves of health and
   magic.
   SInv:      It lets you see invisible.
 B - the ring "Atwosyh" (right hand) {rElec rF++ EV+4 Str-3}
   (You found it in a Gauntlet)

   [ring of evasion]

   EV:        It affects your evasion (+4).
   Str:       It affects your strength (-3).
   rF:        It greatly protects you from fire.
   rElec:     It insulates you from electricity.
 D - the ring "Ricipuuw" {rPois rF+ MP+9 Int+3 Dex-2}
   (You found it in a Gauntlet)

   [ring of protection from fire]

   Int:       It affects your intelligence (+3).
   Dex:       It affects your dexterity (-2).
   rF:        It protects you from fire.
   rPois:     It protects you from poison.
   MP:        It affects your magic capacity (+9).
 E - a ring of positive energy
Wands
 c - a wand of iceblast (7)
 z - a wand of acid (8)
 C - a wand of mindburst (27)
Scrolls
 d - 4 scrolls of magic mapping
 e - 2 scrolls of silence
 h - 5 scrolls of teleportation
 k - 4 scrolls of noise
 l - a scroll of holy word
 m - 2 scrolls of torment
 o - 2 scrolls of fog
 u - a scroll of brand weapon {unknown}
 x - 3 scrolls of amnesia
 A - 2 scrolls of vulnerability
 F - 3 scrolls of enchant armour
 L - 2 scrolls of enchant weapon
 O - a scroll of immolation
Potions
 a - 3 potions of might
 i - 3 potions of degeneration
 p - 5 potions of curing
 r - 2 potions of flight
 s - a potion of resistance
 v - a potion of berserk rage
 w - 2 potions of haste
 G - 2 potions of lignification
 H - 4 potions of ambrosia {unknown}
 I - 2 potions of magic {unknown}
 J - a potion of experience {unknown}
 K - a potion of attraction
 P - 2 potions of cancellation
 S - 2 potions of brilliance


   Skills:
 + Level 10.7 Fighting
 + Level 18.6 Long Blades
 + Level 3.7 Armour
 + Level 3.7 Dodging


You had 12 spell levels left.
You didn't know any spells.
Your spell library was empty.

Dungeon Overview and Level Annotations

Branches:
Dungeon (13/15)            Temple (0/1) D:6            Lair (0/6) D:9
    Orc (2/2) D:9             Elf (0/3) Orc:2       Ossuary (visited)
Gauntlet (1/1)
 Vaults: D:13-14

Altars:
Ashenzari
Cheibriados
Kikubaaqudgha
Makhleb
Nemelex Xobeh
Trog
Uskayaw
Wu Jian

Shops:
D:1 !   D:3 =   D:8 [   D:10 *   Orc:1 =

Annotations:
Gauntlet 12 transporters, 21 runed translucent doors


Message History

You are too injured to fight recklessly!
You are too injured to fight recklessly!
You are too injured to fight recklessly!
You are too injured to fight recklessly!
You are too injured to fight recklessly!
You are too injured to fight recklessly!
You are too injured to fight recklessly!
You hit the minotaur but do no damage.
The minotaur is severely wounded.
You slash the minotaur!
The minotaur is severely wounded.
Your plate armour prevents you from hitting the minotaur.
The minotaur furiously retaliates!
The minotaur headbutts you.
The minotaur is severely wounded.
The minotaur hits you with the +7 sceptre of Torment {pain, torment}!
You writhe in agony.
The minotaur gores you but does no damage.
You barely miss the minotaur.
The minotaur is severely wounded.
You slice the minotaur!!
The minotaur is almost dead.
The minotaur hits you with the +7 sceptre of Torment {pain, torment}!!
* * * LOW HITPOINT WARNING * * *
You writhe in agony.
* * * LOW HITPOINT WARNING * * *
The minotaur gores you.
* * * LOW HITPOINT WARNING * * *
Your plate armour prevents you from hitting the minotaur.
The minotaur furiously retaliates!
The minotaur headbutts you!
* * * LOW HITPOINT WARNING * * *
The minotaur is almost dead.
You hit the minotaur but do no damage.
The minotaur is almost dead.
The minotaur hits you with the +7 sceptre of Torment {pain, torment}!!
* * * LOW HITPOINT WARNING * * *
You writhe in agony.
* * * LOW HITPOINT WARNING * * *
The minotaur gores you but does no damage.
The minotaur throws a silver javelin.
The silver javelin pierces through you!
You die...

.................................
...............§∩≈...............
#################################
#8# #8##§...............§##8# #8#
### ####8..©.©.©.©.©.©..8#### ###
#§...............≈#
###.##.##.##.##.###
#.##.##.##.##.## .......@.......#
.##.##.##H##.### # #. .# .. ..
#.# ##. #. .# .. . .# #.


You could see a minotaur.

Vanquished Creatures
  Gastronok (D:9)
  Nessos (D:12)
  Josephine (D:11)
  A boulder beetle (D:11)
  Harold (D:7)
  A two-headed ogre (D:10)
  4 death yaks
  A hell hog (Gauntlet)
  2 deep elf pyromancers (D:12)
  Pikel (D:4)
  2 ugly things
  2 manticores
  A cyclops (D:12)
  Maurice (D:8)
  An orc sorcerer (Orc:2)
  Joseph (D:7)
  An unseen horror (D:10)
  A yaktaur (D:13)
  An ice devil (Gauntlet)
  4 trolls
  A wolf spider simulacrum (D:12)
  A hornet (D:7)
  Sigmund (D:4)
  Eustachio (D:4)
  3 shadows
  6 wraiths
  2 wyverns
  4 fire bats (Gauntlet)
  A basilisk (D:12)
  12 yaks
  4 vampire mosquitoes
  3 wargs
  Menkaure (D:7)
  3 acid dragons
  3 hell hounds (Gauntlet)
  2 sky beasts (D:5)
  7 ogres
  4 centaurs
  A phantom (D:6)
  6 kobold brigands
  A bullfrog (D:6)
  2 scorpions
  A gnoll sergeant (D:9)
  A wyvern skeleton (D:3)
  5 spriggan skeletons (D:10)
  A troll skeleton (D:10)
  4 howler monkeys
  2 electric eels (D:9)
  A bullfrog zombie (D:5)
  A lava snake (D:10)
  3 centaur zombies
  19 orc priests
  2 hounds
  Crazy Yiuf (D:3)
  A bullfrog skeleton (D:5)
  3 gnoll shamans
  A human zombie (Ossuary)
  A centaur skeleton (D:5)
  An iguana (D:6)
  Natasha (thrice) (D:3)
  A scorpion zombie (D:5)
  11 orc wizards
  2 hound zombies (D:5)
  2 hound skeletons
  2 mummies (Ossuary)
  A howler monkey skeleton (D:5)
  18 gnolls
  13 adders
  A shadow imp (D:5)
  3 white imps
  2 ufetubi
  3 worms (D:2)
  2 dart slugs
  54 orcs
  11 ball pythons
  5 bats
  7 endoplasms
  3 giant cockroaches
  2 goblins
  6 hobgoblins
  7 jackals
  A quokka (D:1)
  7 frilled lizards
  4 goblin zombies (Ossuary)
  5 hobgoblin zombies (Ossuary)
  22 kobolds
  4 orc zombies (Ossuary)
  4 rats
352 creatures vanquished.

Vanquished Creatures (collateral kills)
  A death yak (D:9)
  3 orc warriors (Orc:2)
  A gnoll sergeant (D:9)
  2 gnoll shamans (D:9)
  2 orc priests (Orc:2)
  An orc wizard (Orc:2)
  2 gnolls (D:9)
  6 orcs (Orc:2)
  A hobgoblin (D:9)
  2 kobolds (D:9)
21 creatures vanquished.

Vanquished Creatures (others)
  A death yak (D:9)
  3 fungi
  29 plants
33 creatures vanquished.

Grand Total: 406 creatures vanquished

Notes
Turn   | Place    | Note
-------+----------+-------------------------------------------
     0 | D:1      | Johnny the Human Berserker began the quest for the Orb.
     0 | D:1      | Reached XP level 1. HP: 18/18 MP: 1/1
   170 | D:1      | Reached XP level 2. HP: 20/24 MP: 2/2
   325 | D:1      | Found Wyosoyr's Distillery.
   630 | D:1      | Reached XP level 3. HP: 12/29 MP: 3/3
  1696 | D:2      | Reached skill level 4 in Long Blades
  1696 | D:2      | Reached XP level 4. HP: 36/36 MP: 4/4
  1890 | D:2      | Reached ** piety under Trog
  1915 | D:2      | Reached XP level 5. HP: 42/42 MP: 5/5
  2104 | D:2      | Found Tooc's Magic Scroll Boutique.
  2112 | D:2      | Bought a scroll of identify for 24 gold pieces
  2112 | D:2      | Bought a scroll of identify for 24 gold pieces
  2337 | D:3      | Reached skill level 5 in Long Blades
  2341 | D:3      | Noticed Natasha
  2353 | D:3      | Killed Natasha
  2369 | D:3      | Found a sparkling altar of Nemelex Xobeh.
  2378 | D:3      | Noticed Natasha
  2387 | D:3      | Killed Natasha
  2396 | D:3      | Reached XP level 6. HP: 26/48 MP: 6/6
  2399 | D:3      | Reached skill level 6 in Long Blades
  2605 | D:3      | Found Iloxecva's Jewellery Boutique.
  2642 | D:3      | Found a faded altar of an unknown god.
  2859 | D:3      | Found a runed translucent door.
  2860 | D:3      | Noticed Crazy Yiuf
  2890 | D:3      | Noticed Natasha
  2900 | D:3      | Killed Natasha
  2999 | D:3      | Found an ornate altar of the Wu Jian Council.
  3289 | D:3      | Killed Crazy Yiuf
  3349 | D:4      | Found a broken altar of Ashenzari.
  3406 | D:4      | Noticed an ogre
  3414 | D:4      | Noticed Sigmund
  3415 | D:4      | Killed an ogre
  3416 | D:4      | Reached skill level 7 in Long Blades
  3416 | D:4      | Reached XP level 7. HP: 53/53 MP: 7/7
  3419 | D:5      | Entered Level 5 of the Dungeon
  3490 | D:5      | Found a sand-covered staircase.
  3495 | Ossuary  | Entered an ossuary
  3885 | D:5      | Reached skill level 8 in Long Blades
  3905 | D:5      | Reached *** piety under Trog
  4205 | D:5      | Reached XP level 8. HP: 60/60 MP: 8/8
  4279 | D:5      | Reached skill level 9 in Long Blades
  4556 | D:5      | Noticed a troll
  4565 | D:5      | Killed a troll
  4566 | D:5      | Reached skill level 10 in Long Blades
  4603 | D:5      | Reached XP level 9. HP: 50/65 MP: 9/9
  5317 | D:4      | Found a snail-covered altar of Cheibriados.
  5363 | D:4      | Noticed Pikel
  5394 | D:4      | Killed Pikel
  5395 | D:4      | Reached skill level 11 in Long Blades
  5675 | D:4      | Reached skill level 12 in Long Blades
  5899 | D:4      | Killed Sigmund
  6264 | D:4      | Noticed Eustachio
  6280 | D:4      | Killed Eustachio
  6308 | D:4      | Found a bloodstained altar of Trog.
  6380 | D:2      | Bought a scroll of teleportation for 36 gold pieces
  6380 | D:2      | Bought a scroll of enchant armour for 90 gold pieces
  6380 | D:2      | Bought a scroll of fog for 24 gold pieces
  6380 | D:2      | Bought a scroll of vulnerability for 90 gold pieces
  6380 | D:2      | Bought a scroll of silence for 90 gold pieces
  6456 | D:1      | Bought a potion of curing for 36 gold pieces
  6456 | D:1      | Bought a potion of lignification for 36 gold pieces
  6649 | D:6      | Found a staircase to the Ecumenical Temple.
  6667 | D:6      | Reached **** piety under Trog
  6695 | D:6      | Reached skill level 13 in Long Blades
  6695 | D:6      | Reached XP level 10. HP: 67/71 MP: 10/10
  7705 | D:6      | Found an ancient bone altar of Kikubaaqudgha.
  8085 | D:7      | Reached skill level 14 in Long Blades
  8135 | D:7      | Noticed Harold
  8149 | D:7      | Killed Harold
  8150 | D:7      | Reached skill level 5 in Fighting
  8407 | D:7      | Noticed Joseph
  8440 | D:7      | Killed Joseph
  8600 | D:7      | Noticed a manticore
  8619 | D:7      | Killed a manticore
  8861 | D:7      | Noticed Menkaure
  8871 | D:7      | Killed Menkaure
  8872 | D:7      | Reached XP level 11. HP: 81/81 MP: 11/11
  9320 | D:8      | Reached ***** piety under Trog
  9427 | D:8      | Reached skill level 15 in Long Blades
  9812 | D:8      | Found a burning altar of Makhleb.
  9965 | D:8      | Found Otej Map's Armour Emporium.
 10148 | D:8      | Noticed Maurice
 10271 | D:8      | Killed Maurice
 10442 | D:9      | Identified a scroll of acquirement
 10446 | D:9      | Acquired the amulet "Neagire" {Spirit SInv}
 10502 | D:9      | Found a staircase to the Orcish Mines.
 10594 | D:9      | Noticed a green ugly thing
 10615 | D:9      | Killed a green ugly thing
 10910 | D:9      | Identified the +1 leather armour "Acefesy" {Harm}
 11308 | D:9      | Noticed a death yak
 11309 | D:9      | Noticed a death yak
 11311 | D:9      | Noticed a death yak
 11312 | D:9      | Noticed a death yak
 11313 | D:9      | Noticed a death yak
 11314 | D:9      | Noticed a death yak
 11319 | D:9      | Found a staircase to the Lair.
 11324 | D:9      | Killed a death yak
 11325 | D:9      | Reached skill level 16 in Long Blades
 11674 | D:8      | Killed a death yak
 11784 | D:9      | Noticed Gastronok
 11817 | D:9      | Killed Gastronok
 11818 | D:9      | Reached XP level 12. HP: 93/93 MP: 9/12
 11831 | D:9      | Acquired 1054 gold pieces
 12220 | D:9      | Killed a death yak
 12235 | D:9      | Killed a death yak
 12249 | D:9      | Killed a death yak
 12250 | D:9      | Reached skill level 17 in Long Blades
 12967 | D:1      | Bought a potion of resistance for 120 gold pieces
 12967 | D:1      | Bought a potion of lignification for 36 gold pieces
 12967 | D:1      | Bought 2 potions of cancellation for 192 gold pieces
 12967 | D:1      | Bought 2 potions of brilliance for 96 gold pieces
 12967 | D:1      | Bought a potion of might for 48 gold pieces
 13145 | D:8      | Bought a +3 plate armour of poison resistance for 546 gold
                  | pieces
 13145 | D:8      | Bought a +0 pair of boots of stealth for 149 gold pieces
 13194 | D:10     | Entered Level 10 of the Dungeon
 13476 | D:10     | Found a hide-covered altar of Uskayaw.
 13480 | D:10     | Found Enupluy's General Store.
 13483 | D:10     | Bought a potion of flight for 45 gold pieces
 13668 | D:10     | Noticed a two-headed ogre
 13676 | D:10     | Killed a two-headed ogre
 14601 | D:11     | Noticed Josephine
 14613 | D:11     | Killed Josephine
 14879 | D:11     | Noticed a boulder beetle
 15126 | D:11     | Killed a boulder beetle
 15603 | D:12     | Reached skill level 18 in Long Blades
 15715 | D:12     | Reached skill level 10 in Fighting
 15715 | D:12     | Reached XP level 13. HP: 80/103 MP: 8/13
 15820 | D:12     | Noticed Nessos
 15832 | D:12     | Killed Nessos
 16705 | Orc:1    | Entered Level 1 of the Orcish Mines
 16736 | Orc:1    | Found Bounnou's Jewellery Shoppe.
 16772 | Orc:2    | Entered Level 2 of the Orcish Mines
 16856 | Orc:2    | Found a gate leading to a gauntlet.
 16858 | Orc:2    | Found a staircase to the Elven Halls.
 16865 | Gauntlet | Entered a Gauntlet
 16865 | Gauntlet | Found a transporter.
 17142 | Gauntlet | Found a transporter.
 17157 | Gauntlet | Found a transporter.
 17162 | Gauntlet | Found a transporter.
 17177 | Gauntlet | Found a transporter.
 17185 | Gauntlet | Noticed an entropy weaver
 17196 | Gauntlet | Found a transporter.
 17208 | Gauntlet | Found a transporter.
 17220 | Gauntlet | Found a transporter.
 17235 | Gauntlet | Found a transporter.
 17240 | Gauntlet | Found a large runed translucent door.
 17241 | Gauntlet | Found a large runed translucent door.
 17242 | Gauntlet | Found a large runed translucent door.
 17242 | Gauntlet | Found a large runed translucent door.
 17243 | Gauntlet | Found a runed translucent gate.
 17244 | Gauntlet | Found a transporter.
 17244 | Gauntlet | Found a runed translucent gate.
 17245 | Gauntlet | Found a runed translucent gate.
 17246 | Gauntlet | Found a large runed translucent door.
 17246 | Gauntlet | Found a large runed translucent door.
 17246 | Gauntlet | Noticed a quicksilver ooze
 17247 | Gauntlet | Found a large runed translucent door.
 17248 | Gauntlet | Found a large runed translucent door.
 17257 | Gauntlet | Found a large runed translucent door.
 17257 | Gauntlet | Found a large runed translucent door.
 17257 | Gauntlet | Found a runed translucent door.
 17257 | Gauntlet | Found a runed translucent door.
 17258 | Gauntlet | Found a large runed translucent door.
 17259 | Gauntlet | Found a large runed translucent door.
 17261 | Gauntlet | Found a transporter.
 17269 | Gauntlet | Found a large runed translucent door.
 17269 | Gauntlet | Found a large runed translucent door.
 17270 | Gauntlet | Found a large runed translucent door.
 17271 | Gauntlet | Found a large runed translucent door.
 17279 | Gauntlet | Found a transporter.
 17281 | Gauntlet | Found a transporter.
 17309 | Gauntlet | Found a transporter.
 17311 | Gauntlet | Found a transporter.
 17331 | Gauntlet | Found a transporter.
 17409 | Gauntlet | Found a transporter.
 17429 | Gauntlet | Found a transporter.
 17747 | Gauntlet | Identified the ring "Atwosyh" {rElec rF++ EV+4 Str-3}
 17749 | Gauntlet | Identified the ring "Ricipuuw" {rPois rF+ MP+9 Int+3 Dex-2}
 17890 | Gauntlet | Noticed a minotaur
 17907 | Gauntlet | HP: 3/156 [minotaur (23)]
 17908 | Gauntlet | Hit by a silver javelin thrown by a minotaur

Illustrated notes

Levels and vault maps discovered:
D:1:      dpeg_arrival_simpleton_b, layout_basic, serial_shops, shop,
          roderic_roman_lattice
D:2:      cheibrodos_pilgrimage, layout_rooms, serial_shops,
          nicolae_shop_statue_plus, serial_glass, glass_columns_a,
          glass_columns_a, item_on_display_a
D:3:      layout_basic, nemelex_spade_bored_becter,
          mainiacjoe_overflow_cross_hatched,
          shapermc_ecumenical_altar_acropolis, serial_shops, shop_statue,
          minmay_misc_feat_nine_boxes, uniq_crazy_yiuf_cottage, uniq_natasha
D:4:      layout_rooms, cheibrodos_ashenzari_chains, mainiacjoe_overflow_swirl,
          serial_co_window_serial, co_window_paths_a, co_window_paths_a,
          co_window_paths_a, co_window_corner_a, co_window_paths_a,
          co_window_paths_a, co_window_of_opportunity_a,
          co_window_unsneaky_path_e, co_window_broadway_a, co_window_paths_c,
          co_window_unsneaky_path_e, co_window_2corner, co_window_4corner_b,
          co_window_4corner_a, glass_columns_b, glass_columns_c,
          glass_columns_a, uniq_pikel, uniq_sigmund, uniq_eustachio
D:5:      minmay_clustersquares, layout_loops_ring, enter_ossuary_2,
          kennysheep_generic_room_12
D:6:      layout_layer_cave, mainiacjoe_overflow_alcove_2,
          minmay_temple_entry_glassed_door, serial_bayou_pond_a,
          mrwooster_statue_mirror
D:7:      layout_cave_pools, uniq_menkaure, uniq_harold, uniq_joseph
D:8:      layout_loops_corners, bloody_makhleb, serial_shops, shop, uniq_maurice
D:9:      kennysheep_housing_project, layout_irregular_city, dpeg_lair_monsters,
          erik_orc_4, minmay_misc_feat_enclosed, kennysheep_pointless_box,
          hangedman_decor_slide_cut, water_boxes_lemuel, uniq_gastronok
D:10:     layout_cave_pools, nicolae_uskayaw_suspiria, serial_shops, shop,
          hangedman_tell_no_tales
D:11:     layout_layer_cave, uniq_josephine
D:12:     layout_basic, uniq_nessos
D:13:     layout_gridville, grunt_vaults_entry_fortified, minmay_misc_feat_tower
Orc:1:    layout_diamond_mine, serial_shops, nicolae_shop_window_shopping,
          statue_in_the_mist_lemuel
Orc:2:    st_orc_congregation, layout_caves, basic_altar, gauntlet_entry_generic
Gauntlet: gammafunk_gauntlet_one_two_three [gammafunk_gauntlet_arena_grid,
          gammafunk_gauntlet_arena_split_x, nicolae_gauntlet_arena_quarters,
          minmay_gauntlet_arena_make_your_own_arena,
          gammafunk_gauntlet_arena_spirals, nicolae_gauntlet_arena_grate_2,
          nicolae_gauntlet_arena_blocks, gammafunk_gauntlet_arena_arrow_garden,
          gammafunk_gauntlet_arena_mazey, gauntlet_exit_green]

Skill      XL: |  1  2  3  4  5  6  7  8  9 10 11 12 13 |
---------------+----------------------------------------+-----
Long Blades    | 4 5 7 8 10 13 14 16 18 | 18.6
Fighting       | 6 8 10 | 10.7
Armour         | 3 |  3.7
Dodging        | 3 |  3.7

Action                   |  1- 3 |  4- 6 |  7- 9 | 10-12 | 13-15 || total
-------------------------+-------+-------+-------+-------+-------++-------
Melee: Falchion          |    81 |   174 |     8 |       |       ||   263
       Long sword        |       |       |   351 |   817 |   196 ||  1364
Throw: Throwing net      |       |       |     2 |     1 |       ||     3
Invok: Berserk           |     3 |     6 |     7 |    20 |     4 ||    40
       Trog's Hand       |       |       |     3 |    10 |     4 ||    17
       Brothers in Arms  |       |       |       |     3 |     1 ||     4
Evoke: Wand              |       |     2 |     2 |    32 |    14 ||    50
  Use: Potion            |     1 |       |       |     3 |     1 ||     5
       Scroll            |       |       |     5 |    12 |     5 ||    22
 Stab: Sleeping          |     1 |     1 |       |       |       ||     2
       Paralysed         |       |     3 |    12 |    14 |     4 ||    33
       Held in net/web   |       |       |     2 |     2 |       ||     4
Armor: Animal skin       |    20 |    43 |    59 |       |       ||   122
       Plate armour      |       |       |    30 |   440 |    95 ||   565
Dodge: Dodged            |    70 |   128 |   195 |   334 |    88 ||   815
Block: Other             |       |    29 |    61 |       |       ||    90

Table legend: (Time is in decaauts)
 A = Elapsed time spent in this place.
 B = Non-inter-level travel time spent in this place.
 C = Inter-level travel time spent in this place.
 D = Time resting spent in this place.
 E = Time spent auto-exploring this place.
 F = Levels seen in this place.
 G = Mean time per level.
                   A        B        C        D        E       F      G
               +--------+--------+--------+--------+--------+-----+--------+
         Total |  17974 |  16685 |   1289 |   3068 |  10391 |  17 | 1057.3 |
       Dungeon |  16450 |  15170 |   1280 |   2441 |   9951 |  13 | 1265.4 |
  Orcish Mines |    158 |    149 |      9 |      0 |     44 |   2 |   79.0 |
       Ossuary |    347 |    347 |      0 |    156 |    109 |   1 |  347.0 |
      Gauntlet |   1018 |   1018 |      0 |    470 |    287 |   1 | 1018.0 |
               +--------+--------+--------+--------+--------+-----+--------+

Top non-repeatable levels by time:
     D:9: 2440 daAuts
     D:1: 1856 daAuts
     D:6: 1548 daAuts
     D:5: 1467 daAuts
     D:8: 1431 daAuts
    D:11: 1404 daAuts
     D:4: 1261 daAuts
     D:7: 1106 daAuts
     D:3: 1069 daAuts
Gauntlet: 1018 daAuts
    D:10: 996 daAuts
     D:2: 882 daAuts
    D:12: 876 daAuts
 Ossuary: 347 daAuts
    D:13: 109 daAuts
